3L
ATHLETIC CLUB KC @ SEATTLE ROCKETEERS
04/17/2042
 
TOP OF THE 1ST
Athletic Club KC batting - Pitching for Seattle Rocketeers : LHP Virgil Dickerson
Pitching: LHP Virgil Dickerson
Batting: RHB Ali Ben Bongo 0-0: SINGLE (Line Drive, 9S, EV 107.5 MPH)
Batting: RHB James Hemwick 0-0: Grounds into double play, 6-4-3 (Groundball, 6, EV 81.9 MPH)
Batting: RHB Jimbob Ghostkeeper 0-0: Called Strike
0-1: Ball
1-1: Ball
2-1: Fly out, F8 (Flyball, 8RD, EV 96.9 MPH)
Top of the 1st over - 0 runs, 1 hit, 0 errors, 0 left on base; Athletic Club KC 0 - Seattle 0
BOTTOM OF THE 1ST
Seattle Rocketeers batting - Pitching for Athletic Club KC : RHP Steve Gourin
Pitching: RHP Steve Gourin
Batting: SHB Lodd Felton 0-0: Ball
1-0: Bunt missed!
1-1: Ball
2-1: Ground out 4-3 (Groundball, 34D, EV 81.2 MPH)
Batting: RHB Jur Prokop 0-0: Ground out 5-3 (Groundball, 56S, EV 89.4 MPH)
Batting: RHB Mathew Mayo 0-0: Called Strike
0-1: Called Strike
0-2: Ball
1-2: Foul Ball, location: 2F
1-2: Ball
2-2: Fly out, F8 (Flyball, 8LM, EV 76.9 MPH)
Bottom of the 1st over - 0 runs, 0 hits, 0 errors, 0 left on base; Athletic Club KC 0 - Seattle 0
TOP OF THE 2ND
Athletic Club KC batting - Pitching for Seattle Rocketeers : LHP Virgil Dickerson
Batting: RHB Cornelio Japón 0-0: Ball
1-0: Called Strike
1-1: Ground out 6-3 (Groundball, 6, EV 91.9 MPH)
Batting: SHB Mike Ríos 0-0: Called Strike
0-1: Ball
1-1: Called Strike
1-2: Ball
2-2: Ball
3-2: Strikes out swinging
Batting: RHB Karel van Capelle 0-0: Ball
1-0: Swinging Strike
1-1: Called Strike
1-2: Ball
2-2: Fly out, F8 (Flyball, 8RS, EV 90.6 MPH)
Top of the 2nd over - 0 runs, 0 hits, 0 errors, 0 left on base; Athletic Club KC 0 - Seattle 0
BOTTOM OF THE 2ND
Seattle Rocketeers batting - Pitching for Athletic Club KC : RHP Steve Gourin
Batting: LHB Manoo Satyavrat 0-0: Ball
1-0: Swinging Strike
1-1: Called Strike
1-2: Ball
2-2: Ball
3-2: Strikes out swinging
Batting: RHB Mike Case 0-0: Fly out, F8 (Flyball, 8RS, EV 91.2 MPH)
Batting: RHB Yakamochi Ota 0-0: Ground out 4-3 (Groundball, 4, EV 91.9 MPH)
Bottom of the 2nd over - 0 runs, 0 hits, 0 errors, 0 left on base; Athletic Club KC 0 - Seattle 0
TOP OF THE 3RD
Athletic Club KC batting - Pitching for Seattle Rocketeers : LHP Virgil Dickerson
Batting: RHB Gerold Olthof 0-0: Ball
1-0: Ball
2-0: Ball
3-0: Base on Balls
Batting: RHB Luis Tañón 0-0: SINGLE (Groundball, 6M, EV 108.1 MPH) (infield hit)
Gerold Olthof to second
Batting: RHB José García 0-0: Foul Ball, location: 2F
0-1: Ball
1-1: Ball
2-1: Swinging Strike
2-2: Strikes out swinging
Batting: RHB Ali Ben Bongo 0-0: Ball
1-0: Fly out, F9 (Flyball, 9, EV 95.0 MPH)
Batting: RHB James Hemwick 0-0: Ground out 5-3 (Groundball, 56S, EV 86.2 MPH)
Top of the 3rd over - 0 runs, 1 hit, 0 errors, 2 left on base; Athletic Club KC 0 - Seattle 0
BOTTOM OF THE 3RD
Seattle Rocketeers batting - Pitching for Athletic Club KC : RHP Steve Gourin
Batting: SHB Yasuhiko Onishi 0-0: Called Strike
0-1: Ball
1-1: Ground out 1-3 (Groundball, 15S, EV 70.6 MPH)
Batting: LHB Ethan Duffy 0-0: Called Strike
0-1: Fly out, F3 (Popup, 3F, EV 65.0 MPH)
Batting: LHB Xiao-gang Qing 0-0: Called Strike
0-1: Ground out 4-3 (Groundball, 4D, EV 89.4 MPH)
Bottom of the 3rd over - 0 runs, 0 hits, 0 errors, 0 left on base; Athletic Club KC 0 - Seattle 0
TOP OF THE 4TH
Athletic Club KC batting - Pitching for Seattle Rocketeers : LHP Virgil Dickerson
Batting: RHB Jimbob Ghostkeeper 0-0: Called Strike
0-1: Foul Ball, location: 2F
0-2: Foul Ball, location: 2F
0-2: Ball
1-2: Ball
2-2: Ball
3-2: Ground out 6-3 (Groundball, 6, EV 78.8 MPH)
Batting: RHB Cornelio Japón 0-0: Called Strike
0-1: Ball
1-1: Foul Ball, location: 2F
1-2: Strikes out swinging
Batting: SHB Mike Ríos 0-0: Ball
1-0: Swinging Strike
1-1: SINGLE (Line Drive, 78M, EV 98.8 MPH)
Batting: RHB Karel van Capelle 0-0: Called Strike
0-1: SINGLE (Line Drive, 78S, EV 105.6 MPH)
Mike Ríos to second
Batting: RHB Gerold Olthof 0-0: Ball
1-0: 3-RUN HOME RUN (Flyball, 7D, EV 106.9 MPH), Distance : 375 ft
Batting: RHB Luis Tañón 0-0: Ball
1-0: Fly out, F8 (Flyball, 89D, EV 107.5 MPH)
Top of the 4th over - 3 runs, 3 hits, 0 errors, 0 left on base; Athletic Club KC 3 - Seattle 0
BOTTOM OF THE 4TH
Seattle Rocketeers batting - Pitching for Athletic Club KC : RHP Steve Gourin
Batting: SHB Lodd Felton 0-0: Ball
1-0: Swinging Strike
1-1: Bunt for hit to P - play at first, batter OUT! 1-3
Batting: RHB Jur Prokop 0-0: Called Strike
0-1: Called Strike
0-2: Ball
1-2: Ball
2-2: Ground out 6-3 (Groundball, 56, EV 100.0 MPH)
Batting: RHB Mathew Mayo 0-0: Foul Ball, location: 2F
0-1: Hit by Pitch
Batting: LHB Manoo Satyavrat 0-0: Ball
1-0: Foul Ball, location: 2F
1-1: Called Strike
1-2: Ball
2-2: Ball
3-2: Fly out, F3 (Popup, 3SF, EV 70.0 MPH)
Bottom of the 4th over - 0 runs, 0 hits, 0 errors, 1 left on base; Athletic Club KC 3 - Seattle 0
TOP OF THE 5TH
Athletic Club KC batting - Pitching for Seattle Rocketeers : LHP Virgil Dickerson
Pitching: LHP Jesse Duncan
Batting: RHB José García 0-0: Called Strike
0-1: Foul Ball, location: 2F
0-2: Ball
1-2: Foul Ball, location: 2F
1-2: Fly out, F8 (Flyball, 8RM, EV 91.2 MPH)
Batting: RHB Ali Ben Bongo 0-0: SOLO HOME RUN (Flyball, 89XD, EV 99.4 MPH), Distance : 421 ft
Batting: RHB James Hemwick 0-0: Ball
1-0: Foul Ball, location: 2F
1-1: Ball
2-1: Fly out, F8 (Flyball, 8LM, EV 76.9 MPH)
Batting: RHB Jimbob Ghostkeeper 0-0: Ball
1-0: Ball
2-0: Foul Ball, location: 2F
2-1: Ground out 5-3 (Groundball, 56S, EV 87.5 MPH)
Top of the 5th over - 1 run, 1 hit, 0 errors, 0 left on base; Athletic Club KC 4 - Seattle 0
BOTTOM OF THE 5TH
Seattle Rocketeers batting - Pitching for Athletic Club KC : RHP Steve Gourin
Pitching: LHP Donat Karczmarek
Batting: RHB Mike Case 0-0: Ball
1-0: Ball
2-0: Foul Ball, location: 2F
2-1: Ball
3-1: Called Strike
3-2: Foul Ball, location: 2F
3-2: SINGLE (Line Drive, 8LS, EV 91.9 MPH)
Batting: RHB Yakamochi Ota 0-0: Ball
1-0: SINGLE (Groundball, 56D, EV 95.0 MPH)
Mike Case to second
Batting: SHB Yasuhiko Onishi 0-0: Ball
1-0: Ball
2-0: Ball
3-0: Called Strike
3-1: Base on Balls
Mike Case to third
Yakamochi Ota to second
Batting: LHB Ethan Duffy 0-0: Ball
1-0: Called Strike
1-1: Foul Ball, location: 2F
1-2: Strikes out looking
Batting: LHB Xiao-gang Qing 0-0: Foul Ball, location: 2F
0-1: Foul Ball, location: 2F
0-2: Ball
1-2: Foul Ball, location: 2F
1-2: Ball
2-2: Strikes out looking
Batting: SHB Lodd Felton 0-0: Called Strike
0-1: Ball
1-1: Ball
Wild Pitch!
Mike Case scores
Yakamochi Ota to third
Yasuhiko Onishi to second
2-1: Foul Ball, location: 2F
2-2: Strikes out swinging
Bottom of the 5th over - 1 run, 2 hits, 0 errors, 2 left on base; Athletic Club KC 4 - Seattle 1
TOP OF THE 6TH
Athletic Club KC batting - Pitching for Seattle Rocketeers : LHP Jesse Duncan
Batting: RHB Cornelio Japón 0-0: Called Strike
0-1: Called Strike
0-2: Strikes out swinging
Batting: SHB Mike Ríos 0-0: Ball
1-0: Called Strike
1-1: Called Strike
1-2: Ball
2-2: Foul Ball, location: 2F
2-2: Foul Ball, location: 2F
2-2: Ball
3-2: DOUBLE (Flyball, 5D, EV 91.9 MPH)
Batting: RHB Karel van Capelle 0-0: Ball
1-0: Swinging Strike
1-1: Ball
2-1: Foul Ball, location: 2F
2-2: Fly out, F8 (Flyball, 8RD, EV 101.2 MPH)
Batting: RHB Gerold Olthof 0-0: Ball
1-0: Ball
2-0: Foul Ball, location: 2F
2-1: Foul Ball, location: 2F
Balk!
Mike Ríos to third
2-2: Strikes out swinging
Top of the 6th over - 0 runs, 1 hit, 0 errors, 1 left on base; Athletic Club KC 4 - Seattle 1
BOTTOM OF THE 6TH
Seattle Rocketeers batting - Pitching for Athletic Club KC : LHP Donat Karczmarek
Batting: RHB Jur Prokop 0-0: Called Strike
0-1: Ball
1-1: Ball
2-1: Ball
3-1: Foul Ball, location: 2F
3-2: Base on Balls
Pitching: RHP David Maxwell
Batting: RHB Mathew Mayo 0-0: Ball
1-0: Called Strike
1-1: Ball
2-1: Foul Ball, location: 2F
2-2: Strikes out swinging
Batting: LHB Manoo Satyavrat 0-0: Ball
1-0: Ball
2-0: Called Strike
2-1: Ball
3-1: Base on Balls
Jur Prokop to second
Batting: RHB Mike Case 0-0: Called Strike
0-1: Fielders Choice at 2nd, 6-4 (Groundball, 6S, EV 87.5 MPH)
Jur Prokop to third
Batting: RHB Yakamochi Ota 0-0: Ball
1-0: Ball
Balk!
Jur Prokop scores
Mike Case to second
2-0: Called Strike
2-1: Ball
3-1: Base on Balls
Batting: SHB Yasuhiko Onishi 0-0: Ball
1-0: Swinging Strike
1-1: Foul Ball, location: 2F
1-2: Fielders Choice at 2nd, U4 (Groundball, 4M, EV 86.2 MPH)
Bottom of the 6th over - 1 run, 0 hits, 0 errors, 2 left on base; Athletic Club KC 4 - Seattle 2
TOP OF THE 7TH
Athletic Club KC batting - Pitching for Seattle Rocketeers : LHP Jesse Duncan
Batting: RHB Luis Tañón 0-0: Ball
1-0: Ground out 5-3 (Groundball, 56, EV 94.4 MPH)
Batting: RHB José García 0-0: Called Strike
0-1: Ground out 6-3 (Groundball, 56, EV 88.1 MPH)
Batting: RHB Daniel Hannaford 0-0: Ball
1-0: Called Strike
1-1: Ball
2-1: Called Strike
2-2: SINGLE (Line Drive, 56D, EV 98.8 MPH)
Pinch Hitting: RHB Marcos Quintana 0-0: Called Strike
0-1: Called Strike
0-2: Fly out, F8 (Flyball, 8RM, EV 93.1 MPH)
Top of the 7th over - 0 runs, 1 hit, 0 errors, 1 left on base; Athletic Club KC 4 - Seattle 2
BOTTOM OF THE 7TH
Seattle Rocketeers batting - Pitching for Athletic Club KC : RHP David Maxwell
Now at 2B: Marcos Quintana
Batting: LHB Ethan Duffy 0-0: Ball
1-0: Ball
2-0: Ground out U3 (Groundball, 34S, EV 64.4 MPH)
Batting: LHB Xiao-gang Qing 0-0: Fly out, F8 (Flyball, 8LM, EV 90.0 MPH)
Pinch Hitting: RHB Ruby Rhod 0-0: Ball
1-0: Ball
2-0: Swinging Strike
2-1: Swinging Strike
2-2: Strikes out swinging
Bottom of the 7th over - 0 runs, 0 hits, 0 errors, 0 left on base; Athletic Club KC 4 - Seattle 2
TOP OF THE 8TH
Athletic Club KC batting - Pitching for Seattle Rocketeers : LHP Jesse Duncan
Now in CF: Ruby Rhod
Pinch Hitting: RHB Neal Lewis 0-0: Ball
1-0: Ball
2-0: Called Strike
2-1: Foul Ball, location: 2F
2-2: Ball
3-2: Strikes out looking
Pinch Hitting: LHB Rafael Padilla 0-0: Ball
1-0: Foul Ball, location: 2F
1-1: Ball
2-1: Foul Ball, location: 2F
2-2: Strikes out swinging
Pinch Hitting: RHB Tim Hendricks 0-0: Called Strike
0-1: Ball
1-1: Foul Ball, location: 2F
1-2: Strikes out swinging
Top of the 8th over - 0 runs, 0 hits, 0 errors, 0 left on base; Athletic Club KC 4 - Seattle 2
BOTTOM OF THE 8TH
Seattle Rocketeers batting - Pitching for Athletic Club KC : RHP David Maxwell
Pitching: RHP Ignacio Ayala
Now at 1B: Dick Barnett
Now at 3B: Tim Hendricks
Now in RF: Gabriel Martínez
Pinch Hitting: RHB Alain Grosjean 0-0: Ball
1-0: Fly out, F3 (Popup, 3, EV 76.2 MPH)
Batting: RHB Bras Castanheta 0-0: Called Strike
0-1: Fly out, F2 (Popup, 23F, EV 77.5 MPH)
Batting: LHB Manoo Satyavrat 0-0: Ball
1-0: Ground out U3 (Groundball, 34, EV 91.2 MPH)
Bottom of the 8th over - 0 runs, 0 hits, 0 errors, 0 left on base; Athletic Club KC 4 - Seattle 2
TOP OF THE 9TH
Athletic Club KC batting - Pitching for Seattle Rocketeers : LHP Jesse Duncan
Now in RF: Alain Grosjean
Pinch Hitting: SHB Tosya Mndoyants 0-0: Ball
1-0: Foul Ball, location: 2F
1-1: Fly out, F9 (Flyball, 9LSF, EV 73.8 MPH)
Pinch Hitting: SHB Miguel Villa 0-0: Ball
1-0: Ball
2-0: Ball
3-0: Base on Balls
Pitching: LHP Hermenegildo Beliago
Pinch Hitting: RHB Scott Dourque 0-0: Ball
1-0: Called Strike
1-1: Called Strike
1-2: Fielders Choice at 2nd, 1-4 (Groundball, 15S, EV 74.4 MPH)
Pinch Hitting: LHB Cisco Hernández 0-0: Ball
1-0: Foul Ball, location: 2F
1-1: DOUBLE (Groundball, 3L, EV 97.5 MPH)
Scott Dourque to third
Runner from 3rd tries for Home, SAFE, throw by RF to home
Batting: RHB Daniel Hannaford 0-0: Ball
1-0: Foul Ball, location: 2F
1-1: Ground out 5-3 (Groundball, 56, EV 100.6 MPH)
Top of the 9th over - 1 run, 1 hit, 0 errors, 1 left on base; Athletic Club KC 5 - Seattle 2
BOTTOM OF THE 9TH
Seattle Rocketeers batting - Pitching for Athletic Club KC : RHP Ignacio Ayala
Now at C: Fortunato Rasquinha
Now at SS: Tosya Mndoyants
Now in LF: Cisco Hernández
Now in CF: Scott Dourque
Pinch Hitting: RHB Jeff Solís 0-0: Foul Ball, location: 2F
0-1: Swinging Strike
0-2: SINGLE (Line Drive, 9S, EV 91.2 MPH)
Pinch Hitting: SHB Ben Boston 0-0: Foul Ball, location: 2F
0-1: Called Strike
0-2: Foul Ball, location: 2F
0-2: Strikes out swinging
Pinch Hitting: LHB Carlos Gabriel 0-0: Ball
1-0: Ground out U3 (Groundball, 3, EV 84.4 MPH)
Jeff Solís to second
Pinch Hitting: RHB Axel Ruschmeyer 0-0: Called Strike
0-1: Ball
1-1: Ball
2-1: Fly out, F8 (Flyball, 8RXD, EV 100.0 MPH)
Bottom of the 9th over - 0 runs, 1 hit, 0 errors, 1 left on base; Athletic Club KC 5 - Seattle 2
Friday, March 26th, 2021 - OOTP Baseball 20.8 Build 74